 Dungeon Crawl Stone Soup version 0.21-a0-88-g13b9641 (webtiles) character file.

1089 vev the Sneak (level 8, -3/46 HPs)
             Began as an Octopode Summoner on June 28, 2017.
             Shot with an arrow by a centaur (7 damage)
             ... on level 6 of the Dungeon.
             The game lasted 00:22:13 (4715 turns).

vev the Sneak (Octopode Summoner)                   Turns: 4715, Time: 00:22:15

Health: -3/46      AC:  1    Str: 11    XL:     8   Next: 31%
Magic:  5/13       EV: 17    Int: 20    God:
Gold:   189        SH:  5    Dex: 12    Spells: 2/14 levels left

rFire    . . .     SeeInvis .   a - +0 dagger (chaos)
rCold    . . .     Gourm    .   e - +0 buckler
rNeg     . . .     Faith    .   (helmet restricted)
rPois    .         Spirit   .   (no amulet)
rElec    .         Reflect  .   p - +4 ring of evasion
rCorr    +         Harm     .   y - +4 ring of strength
MR       .....                  B - ring of resist corrosion
Stlth    ++++......             (no ring)
HPRegen  0.15/turn              (no ring)
MPRegen  0.13/turn              (no ring)
                                (no ring)
                                (no ring)

@: very slightly contaminated
A: almost no armour, stealthy swim, amphibious, 8 rings, constrict 8, camouflage
1, mutation resistance 1, gelatinous body 1
a: no special abilities


You were on level 6 of the Dungeon.
You were hungry.

You visited 1 branch of the dungeon, and saw 6 of its levels.

You collected 189 gold pieces.

Inventory:

Hand Weapons
 a - a +0 dagger of chaos (weapon)
 f - a +0 spear
 t - a +1 vampiric dagger
 C - a +1 whip of freezing
 F - a +0 flail of venom
 G - a +2 dagger of venom
 H - a cursed -2 spear
Missiles
 d - 172 stones (quivered)
 v - 2 throwing nets
 x - 23 sling bullets
Armour
 e - a +0 buckler (worn)
Jewellery
 n - an uncursed ring of ice
 p - a +4 ring of evasion (left tentacle)
 y - a +4 ring of strength (right tentacle)
 B - a ring of resist corrosion (on tentacle)
Wands
 u - a wand of confusion (33/48)
Scrolls
 c - 2 scrolls of teleportation {unknown}
 g - 2 scrolls of amnesia
 h - 4 scrolls of immolation
 i - a scroll of identify
 r - a scroll of enchant weapon {unknown}
Potions
 k - a potion of brilliance
 l - 2 potions of resistance
 o - 2 potions of curing
 q - 3 potions of lignification
 w - a potion of agility
 z - a potion of mutation
Books
 A - a book of Callings

   Spells                             Type                      Level
   a - Summon Small Mammal            Summoning                    1
   b - Call Imp                       Summoning                    2
   c - Call Canine Familiar           Summoning                    3
   d - Summon Guardian Golem          Hexes/Summoning              3
   e - Summon Lightning Spire         Summoning/Air                4
   f - Summon Ice Beast               Ice/Summoning                4
Comestibles
 b - 4 bread rations
 j - 3 royal jellies
 s - a meat ration
 D - 4 chunks of flesh
 E - 4 fruits


   Skills:
 - Level 2.0 Dodging
 - Level 5.7 Stealth
 - Level 4.2 Shields
 - Level 3.6 Spellcasting
 - Level 5.2 Summonings
 + Level 1.9 Ice Magic
 - Level 5.1 Air Magic


You had 2 spell levels left.
You knew the following spells:

 Your Spells              Type           Power        Failure   Level  Hunger
a - Summon Small Mammal   Summ           ###.         1%          1    None
b - Summon Ice Beast      Ice/Summ       ###.....     30%         4    ####...
d - Call Canine Familiar  Summ           ###.....     4%          3    ###....
q - Summon Lightning Spi  Summ/Air       ###.....     16%         4    ####...


Dungeon Overview and Level Annotations

Branches:
Dungeon (6/15)
 Temple: D:4-7

Altars:
Ashenzari
Cheibriados
Elyvilon
Fedhas
Nemelex Xobeh
Okawaru
Vehumet

Annotations:
D:4 Menkaure


Innate Abilities, Weirdness & Mutations

You cannot wear most types of armour.
You are very stealthy in the water. (Stealth+)
You are amphibious.
You can wear up to eight rings at the same time.
You can use your tentacles to constrict eight enemies at once.
Your skin changes colour to match your surroundings (Stealth+).
Your rubbery body absorbs attacks. (AC +1, EV +1)
You are somewhat resistant to further mutation.


Message History

The centaur shoots an arrow.
The arrow misses you.
You see here an arrow.
Casting: Call Canine Familiar
Confirm with . or Enter, or press ? or * to list all spells.
Aiming: Summon Lightning Spire
Press: ? - help, Dir - move target cursor You miscast Summon Lightning Spire.
You are very lightly contaminated with residual magic.
A fistful of eyes flickers past your view.
The centaur shouts! x2
The centaur wields a shortbow.
The centaur shoots an arrow.
The arrow hits you!
The centaur wields a runed shortbow.
It is covered in frost.
The centaur shoots an arrow.
The arrow hits you!
* * * LOW HITPOINT WARNING * * *
The arrow freezes you!
* * * LOW HITPOINT WARNING * * *
The centaur shoots an arrow.
The arrow hits you!
* * * LOW HITPOINT WARNING * * *
The centaur shoots an arrow.
The arrow hits you!
You die...

#.####....#.#
#............≈# #<....#.#
#.......#####≈#
#≈≈≈≈≈≈#....#.####.......#
≈≈
≈≈≈≈≈≈≈≈≈≈..#.#..........#
#
≈≈≈..≈≈≈≈≈≈.#.#.##########
≈≈.####.≈≈≈≈#.#.(# ≈≈
##.≈≈≈≈.#!.# ≈
##c.≈≈≈.##.# #.c.≈≈≈.(@.#
c.c.≈≈≈≈#### ...≈≈≈≈≈#
...≈≈≈≈≈# ..≈≈≈≈≈≈#
≈≈≈≈≈≈≈≈# ≈≈≈≈≈≈≈##
≈≈≈≈### ≈.##


You could see 3 centaurs.

Vanquished Creatures
  The ghost of vev the Caller, a novice OpSu (D:5)
  A black bear (D:5)
  A slave (D:5)
  3 howler monkeys
  2 crimson imps (D:4)
  Ijyb (D:5)
  A worker ant (D:5)
  A killer bee zombie (D:5)
  Robin (D:3)
  A gnoll (D:3)
  3 adders
  2 worms (D:2)
  3 dart slugs
  4 leopard geckos
  2 orcs
  A ball python (D:1)
  4 giant cockroaches
  4 goblins
  6 hobgoblins
  6 jackals
  5 kobolds
  A quokka (D:4)
  5 bats
  A giant cockroach zombie (D:5)
  A quokka skeleton (D:5)
  4 rats
65 creatures vanquished.

Vanquished Creatures (collateral kills)
  Pikel (D:5)
  A sky beast (D:5)
  A phantom (D:5)
  A crimson imp (D:4)
  3 orc priests (D:6)
  Terence (D:3)
  3 gnolls (D:3)
  5 adders
  2 shadow imps
  A dart slug (D:3)
  A leopard gecko (D:3)
  An orc (D:6)
  A bat (D:2)
  2 giant cockroaches
  8 goblins (D:3)
  3 hobgoblins
  4 jackals
  A kobold (D:3)
  A rat (D:3)
41 creatures vanquished.

Vanquished Creatures (others)
  A necrophage (D:5)
  An orc wizard (D:5)
  A worker ant (D:5)
  A leopard gecko (D:5)
  7 orcs (D:5)
  2 jackals (D:5)
13 creatures vanquished.

Grand Total: 119 creatures vanquished

Notes
Turn   | Place    | Note
-------+----------+-------------------------------------------
     0 | D:1      | vev the Octopode Summoner began the quest for the Orb.
     0 | D:1      | Reached XP level 1. HP: 11/11 MP: 3/3
   528 | D:1      | Reached XP level 2. HP: 10/17 MP: 3/5
   536 | D:1      | Reached skill level 3 in Stealth
  1190 | D:1      | Reached XP level 3. HP: 17/21 MP: 4/6
  1464 | D:2      | Found a snail-covered altar of Cheibriados.
  1838 | D:3      | Found a white marble altar of Elyvilon.
  1860 | D:3      | Reached skill level 4 in Stealth
  1865 | D:3      | Learned a level 3 spell: Call Canine Familiar
  1878 | D:3      | Reached XP level 4. HP: 26/27 MP: 3/8
  1883 | D:3      | Noticed Robin
  1901 | D:3      | Killed Robin
  1956 | D:3      | Reached skill level 3 in Spellcasting
  2110 | D:3      | Found a radiant altar of Vehumet.
  2116 | D:3      | Noticed Terence
  2135 | D:3      | Killed Terence
  2135 | D:3      | Reached XP level 5. HP: 31/31 MP: 7/9
  2388 | D:3      | Reached skill level 5 in Stealth
  2435 | D:3      | Found a blossoming altar of Fedhas.
  2484 | D:4      | Noticed Menkaure
  2484 | D:4      | Noticed an ogre
  2557 | D:4      | Reached skill level 5 in Summonings
  2670 | D:4      | Found an iron altar of Okawaru.
  2747 | D:4      | Reached XP level 6. HP: 35/36 MP: 5/11
  2860 | D:4      | Found a shattered altar of Ashenzari.
  2860 | D:4      | Found a sparkling altar of Nemelex Xobeh.
  2967 | D:5      | Entered Level 5 of the Dungeon
  3009 | D:5      | Noticed a phantom
  3091 | D:5      | Learned a level 4 spell: Summon Lightning Spire
  3129 | D:5      | Noticed a sky beast
  3157 | D:5      | Killed a sky beast
  3157 | D:5      | Reached skill level 1 in Air Magic
  3425 | D:5      | Noticed a black bear
  3442 | D:5      | Reached skill level 2 in Air Magic
  3459 | D:5      | Noticed a slave
  3459 | D:5      | Noticed a slave
  3459 | D:5      | Noticed a slave
  3460 | D:5      | Noticed Pikel
  3476 | D:5      | Noticed vev's ghost (novice OpSu)
  3485 | D:5      | Killed a slave
  3663 | D:5      | Killed a black bear
  3663 | D:5      | Reached skill level 3 in Air Magic
  3663 | D:5      | Reached XP level 7. HP: 35/41 MP: 7/12
  3707 | D:5      | Killed vev's ghost
  3707 | D:5      | Reached skill level 5 in Air Magic
  3718 | D:5      | Reached skill level 1 in Shields
  3775 | D:5      | Learned a level 4 spell: Summon Ice Beast
  3852 | D:5      | Killed Pikel
  3852 | D:5      | Reached skill level 4 in Shields
  3852 | D:5      | Reached XP level 8. HP: 18/46 MP: 9/13
  4175 | D:5      | Noticed Ijyb
  4202 | D:5      | Killed Ijyb
  4244 | D:5      | Gained mutation: You are somewhat resistant to further mutation. [potion of mutation]
  4268 | D:5      | Reached skill level 1 in Ice Magic
  4715 | D:6      | HP: 4/46 [centaur/arrow (9)]
  4715 | D:6      | Shot with an arrow by a centaur

Vault maps used:
D:1:      scummos_arrival_hexagon
D:2:      lemuel_crystal_altar, first_bread
D:3:      marbit_many_paths, elyvilon_altar_4, lemuel_doored_altar,
          uniq_terence, uniq_robin
D:4:      led_xom_imps, kennysheep_mini_moat,
          gammafunk_temple_overflow_elements, uniq_crazy_yiuf_cottage,
          uniq_grinder, uniq_menkaure
D:5:      hangedman_abyss_or_decor_lesser_grid, uniq_pikel, uniq_ijyb
D:6:      lightli_temple_of_fire, kennysheep_vampire_church, centaur_isle

Skill      XL: |  1  2  3  4  5  6  7  8 |
---------------+-------------------------+-----
Stealth        | 3 4 5 |  5.7
Spellcasting   | 3 |  3.6
Summonings     | 5 |  5.2
Air Magic      | 3 5 |  5.1
Shields        | 4 |  4.2
Ice Magic      | 1 |  1.9
Dodging        | |  2.0

Action                   |  1- 3 |  4- 6 |  7- 9 || total
-------------------------+-------+-------+-------++-------
Melee: Spear             |    94 |    70 |       ||   164
       Constrict         |    24 |    26 |    10 ||    60
       Tentacles         |    12 |    17 |     6 ||    35
       Unarmed           |     2 |       |       ||     2
       Dagger            |       |    37 |    32 ||    69
       Rapier            |       |     5 |       ||     5
 Cast: Summon Small Mamm |    31 |    22 |     2 ||    55
       Call Canine Famil |     1 |    16 |     6 ||    23
       Summon Lightning  |       |       |     5 ||     5
  Use: Scroll            |       |     5 |     6 ||    11
       Potion            |       |       |     1 ||     1
 Stab: Sleeping          |     8 |     7 |     1 ||    16
       Distracted        |     1 |     1 |       ||     2
       Paralysed         |       |       |     3 ||     3
  Eat: Chunk             |     3 |     8 |     4 ||    15
Armor: Skin              |     4 |     7 |       ||    11
Dodge: Dodged            |    43 |    66 |    26 ||   135
